TOP OF THE 1ST |
Philadelphia (APP) Phillies batting - Pitching for San Francisco (APP) Giants : LHP Chong-yeol Wong
|
Pitching: LHP Chong-yeol Wong
|
|
Batting: LHB Matt Urbanek
|
0-0: Ball 1-0: Ball 2-0: DOUBLE (Line Drive, 89XD, EV 100.0 MPH)
|
Batting: RHB Mark Schultz
|
0-0: Ball Matt Urbanek steals 3rd base 1-0: Fly out, F8 (Flyball, 8RD, EV 94.4 MPH) Runner from 3rd tags up, SCORES, throw by CF
|
Batting: LHB Alex Fernandez
|
0-0: Ball 1-0: Ball 2-0: Called Strike 2-1: Foul Ball, location: 2F 2-2: Ball 3-2: Ground out 5-3 (Groundball, 5, EV 80.0 MPH)
|
Batting: RHB Kyle Reilly
|
0-0: Reached on error, E3 (Groundball, 34, EV 87.5 MPH)
|
Batting: RHB Carlos Morejon
|
0-0: Called Strike 0-1: Ball 1-1: Ball 2-1: Ball Kyle Reilly steals 2nd base 3-1: DOUBLE (Groundball, 5L, EV 96.3 MPH) Kyle Reilly scores
|
Batting: RHB Vaclav Been
|
0-0: Fly out, F7 (Flyball, 7LM, EV 95.0 MPH)
|
Top of the 1st over - 2 runs, 2 hits, 1 error, 1 left on base; Philadelphia (APP) 2 - San Francisco (APP) 0 |
BOTTOM OF THE 1ST |
San Francisco (APP) Giants batting - Pitching for Philadelphia (APP) Phillies : RHP Manny Cordova
|
Pitching: RHP Manny Cordova
|
|
Batting: RHB Ryan Bentz
|
0-0: Called Strike 0-1: Swinging Strike 0-2: Strikes out swinging
|
Batting: SHB David Barona
|
0-0: Ball 1-0: DOUBLE (Flyball, 89D, EV 98.1 MPH)
|
Batting: RHB Jason Gregor
|
0-0: Called Strike David Barona steals 3rd base 0-1: Ball 1-1: SINGLE (Line Drive, 8RS, EV 99.4 MPH) David Barona scores
|
Batting: RHB Teruhide Horiuchi
|
0-0: Fielders Choice at 2nd, 6-4 (Groundball, 56, EV 105.0 MPH)
|
Batting: RHB Bill Defazio
|
0-0: Ball 1-0: Ball 2-0: SINGLE (Flyball, 9LS, EV 93.8 MPH) Teruhide Horiuchi to second Runner from 2nd tries for 3rd, SAFE, throw by RF made to third
|
Batting: RHB Edwin Verdugo
|
0-0: Ball 1-0: Called Strike 1-1: Ball 2-1: Foul Ball, location: 2F 2-2: Ball 3-2: TRIPLE (Flyball, 89XD, EV 97.5 MPH) Teruhide Horiuchi scores Bill Defazio scores
|
Batting: RHB Billy Pranger
|
0-0: Called Strike 0-1: Ball 1-1: Ball 2-1: Ball 3-1: Base on Balls
|
Batting: RHB Jeremy Bailey
|
0-0: Foul Ball, location: 2F 0-1: Foul Ball, location: 2F 0-2: Ball 1-2: SINGLE (Groundball, 4MD, EV 103.8 MPH) Edwin Verdugo scores Billy Pranger to second
|
Batting: RHB Ed Broomhead
|
0-0: Fly out, F9 (Flyball, 9, EV 80.0 MPH)
|
Bottom of the 1st over - 4 runs, 5 hits, 0 errors, 2 left on base; Philadelphia (APP) 2 - San Francisco (APP) 4 |
TOP OF THE 2ND |
Philadelphia (APP) Phillies batting - Pitching for San Francisco (APP) Giants : LHP Chong-yeol Wong
|
Batting: RHB Seung-mun Kim
|
0-0: Ball 1-0: Swinging Strike 1-1: Swinging Strike 1-2: Ball 2-2: Ball 3-2: Strikes out swinging
|
Batting: RHB Eduardo Calderon
|
0-0: Ball 1-0: Ball 2-0: Foul Ball, location: 2F 2-1: Ball 3-1: Foul Ball, location: 2F 3-2: Strikes out swinging
|
Batting: LHB Eric Farren
|
0-0: Ball 1-0: Ball 2-0: Called Strike 2-1: Fly out, F6 (Popup, 6D, EV 63.8 MPH)
|
Top of the 2nd over - 0 runs, 0 hits, 0 errors, 0 left on base; Philadelphia (APP) 2 - San Francisco (APP) 4 |
BOTTOM OF THE 2ND |
San Francisco (APP) Giants batting - Pitching for Philadelphia (APP) Phillies : RHP Manny Cordova
|
Batting: RHB Ryan Bentz
|
0-0: Foul Ball, location: 2F 0-1: Foul Ball, location: 2F 0-2: Foul Ball, location: 2F 0-2: Strikes out swinging
|
Batting: SHB David Barona
|
0-0: SINGLE (Line Drive, 6MD, EV 107.5 MPH)
|
Batting: RHB Jason Gregor
|
0-0: Called Strike 0-1: Called Strike 0-2: Ball 1-2: Ball 2-2: Ball 3-2: SINGLE (Groundball, 6D, EV 105.6 MPH) David Barona to second David Barona to third
|
Batting: RHB Teruhide Horiuchi
|
0-0: Called Strike 0-1: Ball 1-1: SINGLE (Groundball, 6MD, EV 98.8 MPH) David Barona scores Jason Gregor to second
|
Batting: RHB Bill Defazio
|
0-0: Ball 1-0: Ball 2-0: Swinging Strike 2-1: Foul Ball, location: 2F 2-2: Strikes out swinging
|
Batting: RHB Edwin Verdugo
|
0-0: Foul Ball, location: 2F 0-1: Swinging Strike 0-2: Ball Wild Pitch! Jason Gregor to third Teruhide Horiuchi to second 1-2: Foul Ball, location: 2F 1-2: Foul Ball, location: 2F 1-2: Strikes out swinging
|
Bottom of the 2nd over - 1 run, 3 hits, 0 errors, 2 left on base; Philadelphia (APP) 2 - San Francisco (APP) 5 |
TOP OF THE 3RD |
Philadelphia (APP) Phillies batting - Pitching for San Francisco (APP) Giants : LHP Chong-yeol Wong
|
Batting: LHB Matt Urbanek
|
0-0: Ball 1-0: Ball 2-0: Called Strike 2-1: Ball 3-1: Base on Balls
|
Batting: RHB Mark Schultz
|
0-0: Ball 1-0: Foul Ball, location: 2F 1-1: Called Strike 1-2: Strikes out looking
|
Batting: LHB Alex Fernandez
|
0-0: Ball 1-0: Ball Matt Urbanek is caught stealing 2nd base 2-6 2-0: Called Strike 2-1: Foul Ball, location: 2F 2-2: Ground out 4-3 (Groundball, 4, EV 84.4 MPH)
|
Top of the 3rd over - 0 runs, 0 hits, 0 errors, 0 left on base; Philadelphia (APP) 2 - San Francisco (APP) 5 |
BOTTOM OF THE 3RD |
San Francisco (APP) Giants batting - Pitching for Philadelphia (APP) Phillies : RHP Manny Cordova
|
Batting: RHB Billy Pranger
|
0-0: Swinging Strike 0-1: Called Strike 0-2: Ball 1-2: Strikes out swinging
|
Batting: RHB Jeremy Bailey
|
0-0: Ball 1-0: Ball 2-0: Ground out 6-3 (Groundball, 6S, EV 71.3 MPH)
|
Batting: RHB Ed Broomhead
|
0-0: Called Strike 0-1: Swinging Strike 0-2: Fly out, F7 (Flyball, 7LD, EV 98.1 MPH)
|
Bottom of the 3rd over - 0 runs, 0 hits, 0 errors, 0 left on base; Philadelphia (APP) 2 - San Francisco (APP) 5 |
TOP OF THE 4TH |
Philadelphia (APP) Phillies batting - Pitching for San Francisco (APP) Giants : LHP Chong-yeol Wong
|
Batting: RHB Kyle Reilly
|
0-0: Called Strike 0-1: Ball 1-1: Ball 2-1: Called Strike 2-2: SINGLE (Groundball, 34D, EV 106.3 MPH)
|
Batting: RHB Carlos Morejon
|
0-0: Ball 1-0: Ball 2-0: Called Strike 2-1: Ball 3-1: Foul Ball, location: 2F 3-2: Base on Balls Kyle Reilly to second
|
Batting: RHB Vaclav Been
|
0-0: DOUBLE (Flyball, 8LXD, EV 103.1 MPH) Kyle Reilly scores Carlos Morejon to third
|
Batting: RHB Seung-mun Kim
|
0-0: Called Strike 0-1: Ball 1-1: Ball 2-1: Foul Ball, location: 2F 2-2: Fly out, F8 (Flyball, 8RD, EV 83.8 MPH) Runner from 3rd tags up, SCORES, throw by CF
|
Batting: RHB Eduardo Calderon
|
0-0: Called Strike 0-1: Ball 1-1: Called Strike 1-2: Ball 2-2: Ball 3-2: Foul Ball, location: 2F 3-2: Foul Ball, location: 2F 3-2: Base on Balls
|
Batting: LHB Eric Farren
|
0-0: Foul Ball, location: 2F 0-1: Ball 1-1: SINGLE (Groundball, 3S, EV 68.8 MPH) (infield hit) Vaclav Been to third Eduardo Calderon to second
|
Pitching: RHP Corey Cauley
|
|
Batting: LHB Matt Urbanek
|
0-0: Ball 1-0: Called Strike 1-1: Called Strike 1-2: Foul Ball, location: 2F 1-2: Strikes out swinging
|
Batting: RHB Mark Schultz
|
0-0: Ground out 4-3 (Groundball, 4, EV 86.9 MPH)
|
Top of the 4th over - 2 runs, 3 hits, 0 errors, 3 left on base; Philadelphia (APP) 4 - San Francisco (APP) 5 |
BOTTOM OF THE 4TH |
San Francisco (APP) Giants batting - Pitching for Philadelphia (APP) Phillies : RHP Manny Cordova
|
Batting: RHB Ryan Bentz
|
0-0: Foul Ball, location: 2F 0-1: Ball 1-1: Ball 2-1: Ball 3-1: Base on Balls
|
Pitching: RHP Tony Trevino
|
|
Batting: SHB David Barona
|
0-0: Ball Ryan Bentz is caught stealing 2nd base 2-6 1-0: Called Strike 1-1: Ball 2-1: Swinging Strike 2-2: Ball 3-2: Ground out 6-3 (Groundball, 56, EV 107.5 MPH)
|
Batting: RHB Jason Gregor
|
0-0: DOUBLE (Line Drive, 89XD, EV 108.1 MPH)
|
Batting: RHB Teruhide Horiuchi
|
0-0: Called Strike 0-1: Foul Ball, location: 2F 0-2: Foul Ball, location: 2F 0-2: Foul Ball, location: 2F 0-2: Ball 1-2: Strikes out swinging
|
Bottom of the 4th over - 0 runs, 1 hit, 0 errors, 1 left on base; Philadelphia (APP) 4 - San Francisco (APP) 5 |
TOP OF THE 5TH |
Philadelphia (APP) Phillies batting - Pitching for San Francisco (APP) Giants : RHP Corey Cauley
|
Batting: LHB Alex Fernandez
|
0-0: Called Strike 0-1: Foul Ball, location: 2F 0-2: Ball 1-2: Ground out U3 (Groundball, 3, EV 91.9 MPH)
|
Batting: RHB Kyle Reilly
|
0-0: Swinging Strike 0-1: Ball 1-1: Foul Ball, location: 2F 1-2: Strikes out swinging, 2-3 out at first.
|
Batting: RHB Carlos Morejon
|
0-0: Fly out, F9 (Flyball, 9LM, EV 98.8 MPH)
|
Top of the 5th over - 0 runs, 0 hits, 0 errors, 0 left on base; Philadelphia (APP) 4 - San Francisco (APP) 5 |
BOTTOM OF THE 5TH |
San Francisco (APP) Giants batting - Pitching for Philadelphia (APP) Phillies : RHP Tony Trevino
|
Batting: RHB Bill Defazio
|
0-0: Ball 1-0: Ball 2-0: Ball 3-0: Called Strike 3-1: Foul Ball, location: 2F 3-2: Foul Ball, location: 2F 3-2: Fly out, F9 (Line Drive, 9D, EV 101.9 MPH)
|
Batting: RHB Edwin Verdugo
|
0-0: Called Strike 0-1: Called Strike 0-2: Ball 1-2: Strikes out swinging
|
Batting: RHB Billy Pranger
|
0-0: Foul Ball, location: 2F 0-1: Foul Ball, location: 2F 0-2: Ball 1-2: Foul Ball, location: 2F 1-2: Ball 2-2: Ball 3-2: Ground out 6-3 (Groundball, 6, EV 100.6 MPH)
|
Bottom of the 5th over - 0 runs, 0 hits, 0 errors, 0 left on base; Philadelphia (APP) 4 - San Francisco (APP) 5 |
TOP OF THE 6TH |
Philadelphia (APP) Phillies batting - Pitching for San Francisco (APP) Giants : RHP Corey Cauley
|
Batting: RHB Vaclav Been
|
0-0: Ball 1-0: Ball 2-0: Called Strike 2-1: Foul Ball, location: 2F 2-2: Ball 3-2: Foul Ball, location: 2F 3-2: Strikes out swinging
|
Batting: RHB Seung-mun Kim
|
0-0: Ball 1-0: Foul Ball, location: 2F 1-1: Ball 2-1: Foul Ball, location: 2F 2-2: Strikes out swinging
|
Batting: RHB Eduardo Calderon
|
0-0: Called Strike 0-1: Swinging Strike 0-2: Foul Ball, location: 2F 0-2: Strikes out looking
|
Top of the 6th over - 0 runs, 0 hits, 0 errors, 0 left on base; Philadelphia (APP) 4 - San Francisco (APP) 5 |
BOTTOM OF THE 6TH |
San Francisco (APP) Giants batting - Pitching for Philadelphia (APP) Phillies : RHP Tony Trevino
|
Pitching: LHP Ignacio Amaya
|
|
Batting: RHB Jeremy Bailey
|
0-0: Ball 1-0: Foul Ball, location: 2F 1-1: Ground out 4-3 (Groundball, 34, EV 88.8 MPH)
|
Batting: RHB Ed Broomhead
|
0-0: Ball 1-0: Ball 2-0: Called Strike 2-1: Foul Ball, location: 2F 2-2: Foul Ball, location: 2F 2-2: Foul Ball, location: 2F 2-2: Fly out, F9 (Flyball, 9LM, EV 83.8 MPH)
|
Pitching: RHP Lucas McPhillie
|
|
Batting: RHB Ryan Bentz
|
0-0: Ball 1-0: Ground out 1-3 (Groundball, 13S, EV 69.4 MPH)
|
Bottom of the 6th over - 0 runs, 0 hits, 0 errors, 0 left on base; Philadelphia (APP) 4 - San Francisco (APP) 5 |
TOP OF THE 7TH |
Philadelphia (APP) Phillies batting - Pitching for San Francisco (APP) Giants : RHP Corey Cauley
|
Pitching: LHP Mark Gregor
|
|
Batting: LHB Eric Farren
|
0-0: Hit by Pitch
|
Batting: LHB Matt Urbanek
|
0-0: Ball 1-0: Bunt missed! 1-1: Sac Bunt to 2L - play at first, batter OUT! 2-4 Eric Farren to second
|
Pitching: RHP Nick McDade
|
|
Batting: RHB Mark Schultz
|
0-0: Ground out 6-3 (Groundball, 56, EV 84.4 MPH)
|
Batting: LHB Alex Fernandez
|
0-0: Ball 1-0: Foul Ball, location: 2F 1-1: Foul Ball, location: 2F 1-2: Fly out, F4 (Line Drive, 4, EV 70.0 MPH)
|
Top of the 7th over - 0 runs, 0 hits, 0 errors, 1 left on base; Philadelphia (APP) 4 - San Francisco (APP) 5 |
BOTTOM OF THE 7TH |
San Francisco (APP) Giants batting - Pitching for Philadelphia (APP) Phillies : RHP Lucas McPhillie
|
Batting: SHB David Barona
|
0-0: Fly out, F9 (Flyball, 9D, EV 85.0 MPH)
|
Batting: RHB Jason Gregor
|
0-0: Ball 1-0: Called Strike 1-1: Ball 2-1: Ball 3-1: Base on Balls
|
Batting: RHB Teruhide Horiuchi
|
0-0: Ball 1-0: Called Strike 1-1: Foul Ball, location: 2F 1-2: Fielders Choice at 2nd, 4-6 (Groundball, 4, EV 88.1 MPH)
|
Pinch Hitting: LHB Jared Paige
|
0-0: Called Strike 0-1: Ball 1-1: Ball Teruhide Horiuchi steals 2nd base 2-1: 2-RUN HOME RUN (Flyball, 78XD, EV 108.1 MPH), Distance : 438 ft
|
Batting: RHB Edwin Verdugo
|
0-0: Ball 1-0: Called Strike 1-1: Fly out, F9 (Flyball, 89S, EV 90.6 MPH)
|
Bottom of the 7th over - 2 runs, 1 hit, 0 errors, 0 left on base; Philadelphia (APP) 4 - San Francisco (APP) 7 |
TOP OF THE 8TH |
Philadelphia (APP) Phillies batting - Pitching for San Francisco (APP) Giants : RHP Nick McDade
|
Pitching: LHP Gil Longoria
|
|
Now at SS: Alexis Andrade
|
|
Batting: RHB Kyle Reilly
|
0-0: Hit by Pitch
|
Batting: RHB Carlos Morejon
|
0-0: Ball 1-0: Ball 2-0: Ball 3-0: Base on Balls Kyle Reilly to second
|
Batting: RHB Vaclav Been
|
0-0: Called Strike 0-1: Ball 1-1: Ball 2-1: Foul Ball, location: 2F 2-2: Strikes out swinging
|
Batting: RHB Seung-mun Kim
|
0-0: Ball 1-0: Ball 2-0: Ball 3-0: Called Strike 3-1: Called Strike 3-2: Strikes out swinging
|
Batting: RHB Eduardo Calderon
|
0-0: Ball 1-0: Ball 2-0: Called Strike 2-1: Ball 3-1: Swinging Strike 3-2: Foul Ball, location: 2F 3-2: Strikes out swinging wild pitch, reaches first! Kyle Reilly to third Carlos Morejon to second
|
Pitching: RHP Eddie Ramirez
|
|
Batting: LHB Eric Farren
|
0-0: Called Strike 0-1: Ball 1-1: Ball 2-1: Called Strike 2-2: Foul Ball, location: 2F 2-2: Strikes out swinging
|
Top of the 8th over - 0 runs, 0 hits, 0 errors, 3 left on base; Philadelphia (APP) 4 - San Francisco (APP) 7 |
BOTTOM OF THE 8TH |
San Francisco (APP) Giants batting - Pitching for Philadelphia (APP) Phillies : RHP Lucas McPhillie
|
Batting: RHB Billy Pranger
|
0-0: Ball 1-0: Foul Ball, location: 2F 1-1: Swinging Strike 1-2: Foul Ball, location: 2F 1-2: Ball 2-2: Strikes out swinging
|
Batting: RHB Jeremy Bailey
|
0-0: Foul Ball, location: 2F 0-1: Ball 1-1: Ball 2-1: Ground out 6-3 (Groundball, P, EV 87.5 MPH)
|
Batting: RHB Ed Broomhead
|
0-0: Ball 1-0: Ground out 6-3 (Groundball, 6, EV 93.1 MPH)
|
Bottom of the 8th over - 0 runs, 0 hits, 0 errors, 0 left on base; Philadelphia (APP) 4 - San Francisco (APP) 7 |
TOP OF THE 9TH |
Philadelphia (APP) Phillies batting - Pitching for San Francisco (APP) Giants : RHP Eddie Ramirez
|
Pitching: RHP Damian Molina
|
|
Batting: LHB Matt Urbanek
|
0-0: Foul Ball, location: 2F 0-1: Ground out 4-3 (Groundball, 4S, EV 75.6 MPH)
|
Batting: RHB Mark Schultz
|
0-0: Ball 1-0: Ground out U3 (Groundball, 3L, EV 101.9 MPH)
|
Batting: LHB Alex Fernandez
|
0-0: Called Strike 0-1: Foul Ball, location: 2F 0-2: Ball 1-2: Foul Ball, location: 2F 1-2: Strikes out swinging
|
Top of the 9th over - 0 runs, 0 hits, 0 errors, 0 left on base; Philadelphia (APP) 4 - San Francisco (APP) 7 |
|